 Dungeon Crawl Stone Soup version v1.3-6-gcec1249 (webtiles) character file.

76 CurrentUnit the Sneak (level 4, -2/35 HPs)
             Began as a Demonspawn Archaeologist on Oct 19, 2018.
             Slain by a gnoll
             ... wielding a +0 spear
              (7 damage)
             ... on level 2 of the Dungeon.
             The game lasted 00:03:11 (1867 turns).

CurrentUnit the Sneak (Demonspawn Archaeologist)    Turns: 1867, Time: 00:03:12

Health: -2/35      AC:  9    Str: 12    XL:     4   Next: 12%
Magic:  4/4        EV: 13    Int: 15    God:
Gold:   106        SH:  0    Dex: 12    Spells: 3/3 levels left

rFire    . . .     SeeInvis .     - Unarmed
rCold    . . .     Gourm    .   (no shield)
rNeg     . . .     Faith    .   a - +1 robe
rPois    .         Spirit   .   b - +1 hat
rElec    .         Reflect  .   h - +0 cloak
rCorr    .         Harm     .   d - +1 pair of gloves
MR       .....                  c - +1 pair of boots
Stlth    +++.......             (no amulet)
HPRegen  0.11/turn              (no ring)
MPRegen  0.09/turn              (no ring)

@: studying Stealth
A: robust 1, screaming 1, evolution 1, rot immunity, MP-powered wands, sturdy
frame 1
a: no special abilities


You were on level 2 of the Dungeon.
You were very hungry.

You visited 1 branch of the dungeon, and saw 2 of its levels.

You collected 106 gold pieces.

Inventory:

Armour
 a - a +1 robe (worn)
 b - a +1 hat (worn)
 c - a +1 pair of boots (worn)
 d - a +1 pair of gloves (worn)
 h - a +0 cloak (worn)
Books
 e - a manual of Stealth
Miscellaneous
 f - an ancient crate
Comestibles
 g - 2 rations


   Skills:
 - Level 1.0 Fighting
 - Level 2.6 Dodging
 + Level 4.4 Stealth
 + Level 2.1 Unarmed Combat


You had 3 spell levels left.
You didn't know any spells.
Your spell library was empty.

Dungeon Overview and Level Annotations

Branches:
Dungeon (2/12)

Altars:
Xom
Zin


Innate Abilities, Weirdness & Mutations

You are immune to rotting.
Your movements are slightly less encumbered by armour. (ER -2)
You are robust. (+10% HP)
You occasionally shout uncontrollably at your foes.
You evolve.
You expend magic power (3 MP) to strengthen your wands.


Message History

The gnoll hits you but does no damage. The gnoll hits you but does no damage.
The gnoll hits you but does no damage. The gnoll barely misses you.
The gnoll hits you but does no damage. The gnoll barely misses you.
The gnoll hits you but does no damage. The gnoll hits you but does no damage.
You feel less wooden.
Your +0 cloak unmelds from your body.
Your +1 hat unmelds from your body.
Your +1 pair of gloves unmelds from your body.
Your +1 pair of boots unmelds from your body.
Your +1 robe unmelds from your body.
The gnoll closely misses you. The gnoll barely misses you.
The gnoll hits you but does no damage.
The gnoll hits you from afar with a spear.
* * * LOW HITPOINT WARNING * * *
The gnoll barely misses you.
The gnoll hits you from afar with a spear!
You die...

########
######......##################
#>............................
#..........g(@................
#.#####################(..####
#.# #...# #.# #...## ####.#
##...# ...(.# #...## .....#
##...# .....# #..)## .....#
##...#


You could see a gnoll.

Vanquished Creatures
  An adder (D:2)
  2 gnolls (D:2)
  A worm (D:2)
  4 dart slugs
  A leopard gecko (D:1)
  2 giant cockroaches (D:1)
  3 goblins (D:1)
  5 hobgoblins (D:1)
  7 kobolds
  A quokka (D:2)
  3 bats (D:1)
  A frilled lizard (D:2)
  3 rats
34 creatures vanquished.

Vanquished Creatures (others)
  A dart slug (D:2)
1 creature vanquished.

Grand Total: 35 creatures vanquished

Notes
Turn   | Place    | Note
-------+----------+-------------------------------------------
     0 | D:1      | CurrentUnit the Demonspawn Archaeologist began the quest for the Orb.
     0 | D:1      | Reached XP level 1. HP: 15/15 MP: 1/1
   110 | D:1      | Reached skill level 3 in Stealth
   199 | D:1      | Gained mutation: You are immune to rotting. [demonic ancestry]
   199 | D:1      | Reached XP level 2. HP: 13/21 MP: 2/2
   422 | D:1      | Reached skill level 1 in Unarmed Combat
   947 | D:1      | Gained mutation: Your movements are slightly less encumbered by armour. (ER -2) [demonic ancestry]
   947 | D:1      | Reached XP level 3. HP: 26/26 MP: 3/3
  1449 | D:2      | Found a glowing silver altar of Zin.
  1450 | D:2      | Found a shimmering altar of Xom.
  1450 | D:2      | Noticed an angel
  1479 | D:2      | Reached skill level 4 in Stealth
  1831 | D:2      | Gained mutation: You occasionally shout uncontrollably at your foes. [potion of mutation]
  1831 | D:2      | Gained mutation: You are robust. (+10% HP) [potion of mutation]
  1831 | D:2      | Gained mutation: You expend magic power (3 MP) to strengthen your wands. [potion of mutation]
  1831 | D:2      | Gained mutation: You evolve. [potion of mutation]
  1841 | D:2      | Reached XP level 4. HP: 16/35 MP: 4/4
  1867 | D:2      | Slain by a gnoll

Skill      XL: |  1  2  3 |
---------------+----------+-----
Stealth        | 3 4 |  4.4
Unarmed Combat | 1 2 |  2.1
Fighting       | |  1.0
Dodging        | |  2.6

Action                   |  1- 3 |  4- 6 || total
-------------------------+-------+-------++-------
Melee: Unarmed           |   264 |       ||   264
       Punch             |     1 |       ||     1
  Use: Potion            |     5 |       ||     5
       Scroll            |     4 |       ||     4
  Eat: Chunk             |     2 |       ||     2
Armor: Robe              |   121 |     1 ||   122
       Skin              |     5 |    14 ||    19
Dodge: Dodged            |   216 |     6 ||   222
